 Dungeon Crawl Stone Soup version 0.22-a0-351-g29664b4 (webtiles) character file.

7443 b5mith the Fighter (level 10, -3/103 HPs)
             Began as a Minotaur Berserker on Apr 12, 2018.
             Was a High Priest of Trog.
             Splashed by a brown ugly thing's acid (7 damage)
             ... on level 11 of the Dungeon.
             The game lasted 00:22:48 (7963 turns).

b5mith the Fighter (Minotaur Berserker)             Turns: 7963, Time: 00:22:49

Health: -3/103     AC:  6    Str: 25    XL:     10   Next: 93%
Magic:  9/9        EV:  9    Int:  4    God:    Trog [*****.]
Gold:   427        SH:  0    Dex: 10    Spells: 9/9 levels left

rFire    x . .     SeeInvis +   a - +6 triple sword (drain)
rCold    + . .     Gourm    .   (shield currently unavailable)
rNeg     . . .     Faith    .   G - +0 chain mail
rPois    .         Spirit   .   L - +1 hat {MR+}
rElec    .         Reflect  .   y - +0 cloak
rCorr    .         Harm     .   (no gloves)
MR       +....                  (no boots)
Stlth    ..........             (no amulet)
HPRegen  0.27/turn              o - ring of see invisible
MPRegen  0.11/turn              q - ring of ice

@: corroded, berserk cooldown, slowed, very slow
A: retaliatory headbutt, horns 2
a: Berserk, Trog's Hand, Brothers in Arms, Renounce Religion


You were on level 11 of the Dungeon.
You worshipped Trog.
Trog was extremely pleased with you.
You were not hungry.

You visited 1 branch of the dungeon, and saw 10 of its levels.
You also visited: Ossuary.

You collected 563 gold pieces.
You spent 136 gold pieces at shops.

Inventory:

Hand Weapons
 a - a +6 triple sword of draining (weapon)
   (Trog gifted it to you on level 9 of the Dungeon)
 b - a +0 hunting sling
   (You found it on level 1 of the Dungeon)
 E - a +3 long sword of flaming
   (You found it on level 3 of the Dungeon)
Missiles
 g - 60 sling bullets
 j - 8 javelins (quivered)
 I - 4 tomahawks
Armour
 y - a +0 cloak (worn)
   (You took it off Crazy Yiuf on level 2 of the Dungeon)
 G - a +0 chain mail (worn)
   (You found it on level 3 of the Dungeon)
 L - a +1 hat of magic resistance (worn)
   (You took it off Gastronok on level 8 of the Dungeon)
 M - a +0 ring mail of cold resistance
   (You found it on level 8 of the Dungeon)
Jewellery
 o - a ring of see invisible (left hand)
   (You found it on level 1 of the Dungeon)
 q - a ring of ice (right hand)
   (You found it on level 1 of the Dungeon)
 F - an uncursed ring of flight
   (You took it off a centaur on level 3 of the Dungeon)
 N - an uncursed ring of wizardry {unknown}
   (You found it on level 11 of the Dungeon)
Wands
 D - a wand of random effects (16)
   (You took it off Ijyb on level 3 of the Dungeon)
 K - a wand of iceblast (12)
   (You found it on level 7 of the Dungeon)
Scrolls
 e - 2 scrolls of identify {@r1}
 k - 3 scrolls of fog
 l - 5 scrolls of remove curse {@r2}
 m - 8 scrolls of teleportation
 s - a scroll of blinking {unknown}
 w - a scroll of random uselessness {unknown}
 x - a scroll of immolation {unknown}
 A - a scroll of fear {unknown}
Potions
 d - a potion of resistance {unknown}
 f - a potion of agility {unknown}
 h - 7 potions of curing {@q1}
 i - 2 potions of lignification {unknown}
 n - 2 potions of heal wounds
 r - a potion of magic {unknown}
 t - 2 potions of flight {unknown}
 u - 3 potions of might
 v - 2 potions of degeneration {unknown}
 z - 2 potions of berserk rage {unknown}
 B - a potion of brilliance {unknown}
 C - 3 potions of mutation {!q}
 H - a potion of haste {unknown}
 J - a potion of cancellation {unknown}
Comestibles
 c - 20 rations
 p - 9 chunks of flesh


   Skills:
 + Level 14.0 Fighting
 + Level 14.0 Long Blades
 - Level 2.4 Armour
 - Level 2.1 Dodging


You had 9 spell levels left.
You didn't know any spells.

Dungeon Overview and Level Annotations

Branches:
Dungeon (9/15)
 Temple: D:4-7         Lair: D:8-11         Orc: D:9-12

Altars:
Elyvilon
Fedhas
Sif Muna

Shops:
D:4 *   D:6 *


Innate Abilities, Weirdness & Mutations

You reflexively headbutt those who attack you in melee.
You have a pair of horns on your head.


Message History

Items here: ( ) ††† an uncursed shortbow; 21 arrows; a killer bee corpse; a centaur corpse a killer bee corpse You butcher the centaur corpse.
p - 10 chunks of flesh (gained 3)
Items here: ( ) †† an uncursed shortbow; 21 arrows; a killer bee corpse x2
You start resting.
Eating one of 10 chunks of flesh.
You eat one of the 10 chunks of flesh.
This raw flesh tastes terrible.
A brown ugly thing comes into view.
The brown ugly thing gurgles horribly!
The brown ugly thing claws you.
You are splashed with acid!
The acid burns!
You slice the brown ugly thing!!
You headbutt the brown ugly thing, but do no damage.
The brown ugly thing is heavily wounded.
The brown ugly thing claws you but does no damage.
The brown ugly thing claws you!
* * * LOW HITPOINT WARNING * * *
You are splashed with acid!
The acid burns!
* * * LOW HITPOINT WARNING * * *
You closely miss the brown ugly thing.
The brown ugly thing is heavily wounded.
The brown ugly thing claws you.
* * * LOW HITPOINT WARNING * * *
You are splashed with acid!
The acid burns!
* * * LOW HITPOINT WARNING * * *
The brown ugly thing claws you.
* * * LOW HITPOINT WARNING * * *
You are splashed with acid!
The acid burns!
* * * LOW HITPOINT WARNING * * *
You're still recovering from your berserk rage.
You slash the brown ugly thing!
The brown ugly thing is severely wounded.
The brown ugly thing claws you but does no damage.
You completely miss the brown ugly thing.
You headbutt the brown ugly thing.
The brown ugly thing is severely wounded.
The brown ugly thing claws you!
* * * LOW HITPOINT WARNING * * *
The acid corrodes you!
You are splashed with acid!
The acid burns!
* * * LOW HITPOINT WARNING * * *
The brown ugly thing claws you but does no damage.
You feel much better. The brown ugly thing claws you!
* * * LOW HITPOINT WARNING * * *
You are splashed with acid!
The acid burns!
* * * LOW HITPOINT WARNING * * *
The brown ugly thing claws you!
* * * LOW HITPOINT WARNING * * *
You are splashed with acid!
The acid burns!
You die...

## #.# .#.# . #.#
...# #. #.###..###
###.##....)...# #
.##...(..)##....#.#
.......(....).....#
......###.#...(.###
..... #†##)...#
.... #.@u)...# ...
######..# ## .>#
###


You could see a brown ugly thing.

Vanquished Creatures
  Gastronok (D:8)
  Erica (D:8)
  Pikel (D:5)
  A hippogriff (D:7)
  A wyvern (D:8)
  A hungry ghost (D:8)
  Menkaure (D:7)
  Duvessa (D:6)
  2 ice beasts
  2 orc warriors
  3 sky beasts
  The ghost of schwarznadel the Ruffian, an amateur DrMo (D:3)
  A phantom (D:7)
  A slave (D:5)
  A black bear (D:6)
  3 ogres
  8 centaurs
  A big kobold (D:9)
  6 bullfrogs
  Dowan (D:6)
  3 scorpions
  A water moccasin skeleton (D:6)
  5 killer bees (D:11)
  A crimson imp (D:7)
  A jelly (D:6)
  A bullfrog skeleton (D:8)
  A centaur skeleton (D:3)
  Crazy Yiuf (D:2)
  3 hounds
  3 orc priests
  9 orc wizards
  4 iguanas
  Ijyb (D:3)
  Terence (D:3)
  4 worker ants
  A hound skeleton (D:4)
  8 mummies (Ossuary)
  A worker ant zombie (D:7)
  A howler monkey zombie (D:7)
  9 adders
  3 gnolls (D:7)
  2 shadow imps (D:6)
  2 oozes
  An adder skeleton (D:6)
  2 adder zombies
  2 worms (D:3)
  A dart slug (D:4)
  4 leopard geckos
  35 orcs
  18 giant cockroaches
  A gnoll zombie (Ossuary)
  14 goblins
  9 hobgoblins
  13 jackals
  9 kobolds
  4 quokkas
  5 bats
  6 frilled lizards
  2 hobgoblin zombies (Ossuary)
  A jackal skeleton (D:5)
  3 kobold zombies (Ossuary)
  2 orc zombies (Ossuary)
  2 quokka zombies
  6 rats
244 creatures vanquished.

Vanquished Creatures (others)
  A centaur (D:5)
  A worker ant (D:5)
  A quokka (D:3)
3 creatures vanquished.

Grand Total: 247 creatures vanquished

Notes
Turn   | Place    | Note
-------+----------+-------------------------------------------
     0 | D:1      | b5mith the Minotaur Berserker began the quest for the Orb.
     0 | D:1      | Reached XP level 1. HP: 19/19 MP: 0/0
   118 | D:1      | Reached XP level 2. HP: 25/27 MP: 1/1
   575 | D:1      | Reached XP level 3. HP: 29/34 MP: 2/2
  1023 | D:1      | Reached ** piety under Trog
  1373 | D:2      | Found a runed door.
  1410 | D:2      | Noticed an orc warrior
  1424 | D:2      | Reached skill level 5 in Fighting
  1424 | D:2      | Reached skill level 5 in Long Blades
  1424 | D:2      | Reached XP level 4. HP: 42/42 MP: 3/3
  1430 | D:2      | Killed an orc warrior
  1430 | D:2      | Reached XP level 5. HP: 22/50 MP: 4/4
  1836 | D:2      | Reached *** piety under Trog
  1836 | D:2      | Reached XP level 6. HP: 55/57 MP: 5/5
  1932 | D:2      | Noticed Crazy Yiuf
  1941 | D:2      | Killed Crazy Yiuf
  2380 | D:3      | Noticed Terence
  2388 | D:3      | Killed Terence
  2389 | D:3      | Noticed schwarznadel's ghost (amateur DrMo)
  2404 | D:3      | Killed schwarznadel's ghost
  2562 | D:3      | Noticed Ijyb
  2579 | D:3      | Killed Ijyb
  2705 | D:3      | Reached XP level 7. HP: 42/66 MP: 6/6
  3150 | D:3      | Found a white marble altar of Elyvilon.
  3534 | D:4      | Found Wenn's Assorted Antiques.
  3653 | D:4      | Found a deep blue altar of Sif Muna.
  3666 | D:4      | Found a white marble altar of Elyvilon.
  3785 | D:4      | Reached **** piety under Trog
  3997 | D:5      | Entered Level 5 of the Dungeon
  3997 | D:5      | Noticed Pikel
  4013 | D:5      | Killed Pikel
  4013 | D:5      | Reached XP level 8. HP: 54/78 MP: 7/7
  4201 | D:5      | Found a blossoming altar of Fedhas.
  4256 | D:5      | Reached skill level 10 in Fighting
  4256 | D:5      | Reached skill level 10 in Long Blades
  4752 | D:6      | Reached XP level 9. HP: 80/86 MP: 8/8
  4779 | D:6      | Noticed Dowan
  4782 | D:6      | Noticed Duvessa
  4783 | D:6      | Killed Dowan
  4795 | D:6      | Killed Duvessa
  5354 | D:6      | Found Kuici's General Store.
  5362 | D:6      | Bought a scroll of teleportation for 39 gold pieces
  5362 | D:6      | Bought a scroll of enchant weapon for 97 gold pieces
  5452 | D:7      | Found a sand-covered staircase.
  5580 | Ossuary  | Entered an ossuary
  5589 | Ossuary  | Reached ***** piety under Trog
  6212 | D:7      | Noticed Menkaure
  6238 | D:7      | Killed Menkaure
  6843 | D:8      | Noticed Erica
  6857 | D:8      | Killed Erica
  6857 | D:8      | Reached XP level 10. HP: 91/100 MP: 9/9
  7519 | D:8      | Noticed Gastronok
  7531 | D:8      | Killed Gastronok
  7813 | D:9      | Received a gift from Trog
  7917 | D:9      | You fall through a shaft for 2 floors!
  7956 | D:11     | Noticed a brown ugly thing
  7963 | D:11     | HP: 4/103 [brown ugly thing (10)]
  7963 | D:11     | Splashed by a brown ugly thing's acid

Vault maps used:
D:1:      dpeg_arrival_lava_temple_mockup, hangedman_feature_mirror,
          minmay_misc_feat_pillars
D:2:      minmay_roachtagon, uniq_crazy_yiuf_cottage
D:3:      elyvilon_altar_4, uniq_terence, uniq_ijyb
D:4:      amethyst_overflow_temple_binary, serial_shops, kennysheep_little_box
D:5:      minmay_temple_entry_enclosed_plants, first_ration, fedhas_altar_3,
          uniq_pikel
D:6:      serial_shops, nicolae_shop_stone, uniq_duvessa
D:7:      enter_ossuary_3, uniq_menkaure
D:8:      uniq_gastronok, uniq_erica
D:9:      serial_shops, shop_statue
D:11:     serial_shops, kennysheep_mini, uniq_snorg, uniq_fannar, uniq_grum
Ossuary:  ossuary_tomb_3

Skill      XL: |  1  2  3  4  5  6  7  8  9 10 |
---------------+-------------------------------+-----
Fighting       | 4 5 6 7 9 10 12 14 | 14.0
Long Blades    | 4 5 6 7 9 10 12 14 | 14.0
Armour         | |  2.4
Dodging        | |  2.1

Action                   |  1- 3 |  4- 6 |  7- 9 | 10-12 || total
-------------------------+-------+-------+-------+-------++-------
Melee: Falchion          |    68 |    97 |       |       ||   165
       Headbutt          |    17 |    18 |    52 |    15 ||   102
       Long sword        |       |    25 |   247 |    73 ||   345
       Triple sword      |       |       |       |    17 ||    17
 Fire: Hunting sling     |     3 |    21 |   121 |    35 ||   180
Invok: Berserk           |     1 |     1 |     2 |     2 ||     6
  Use: Scroll            |       |       |     9 |     3 ||    12
       Potion            |       |       |       |     1 ||     1
  Eat: Chunk             |     2 |     6 |    16 |     5 ||    29
Armor: Animal skin       |     8 |       |       |       ||     8
       Ring mail         |     5 |    32 |     5 |       ||    42
       Chain mail        |       |       |   100 |    51 ||   151
Dodge: Dodged            |    36 |    45 |    66 |    34 ||   181
Block: Shield            |    15 |    48 |    85 |    29 ||   177
       Rpst.: Falchion   |     8 |     7 |       |       ||    15
       Long sword        |       |     2 |    16 |     2 ||    20
       Triple sword      |       |       |       |     5 ||     5

Table legend:
 A = Spawn XP
 B = Non-spawn XP
 C = Spawn XP percentage of total XP
 D = Spawn monster count
 E = Non-spawn monster count
 F = Spawn count percentage of total count
 G = Total turns spent on level
                    A         B        C        D         E        F      G
               +---------+---------+-------+---------+---------+-------+---------
         Total |       0 |   10633 |   0.0 |       0 |     243 |   0.0 |  7963
               +---------+---------+-------+---------+---------+-------+---------
           D:1 |       0 |      48 |   0.0 |       0 |      25 |   0.0 |  1052
           D:2 |       0 |     383 |   0.0 |       0 |      42 |   0.0 |  1107
           D:3 |       0 |     474 |   0.0 |       0 |      27 |   0.0 |  1095
           D:4 |       0 |     438 |   0.0 |       0 |      24 |   0.0 |   743
           D:5 |       0 |     979 |   0.0 |       0 |       7 |   0.0 |   277
           D:6 |       0 |    1060 |   0.0 |       0 |      28 |   0.0 |  1211
           D:7 |       0 |    1064 |   0.0 |       0 |      29 |   0.0 |   824
           D:8 |       0 |    4819 |   0.0 |       0 |      28 |   0.0 |  1340
           D:9 |       0 |     137 |   0.0 |       0 |       5 |   0.0 |   105
          D:11 |       0 |    1080 |   0.0 |       0 |      12 |   0.0 |    46
       Ossuary |       0 |     151 |   0.0 |       0 |      16 |   0.0 |   163
               +---------+---------+-------+---------+---------+-------+---------
